 Dungeon Crawl Stone Soup version 0.21.1-1-g345015fe64 (webtiles) character file.

203 Naru the Caller (level 5, 0/37 HPs)
             Began as a Gnoll Summoner on June 20, 2018.
             Succumbed to an adder's poison
             ... on level 3 of the Dungeon.
             The game lasted 00:12:03 (3032 turns).

Naru the Caller (Gnoll Summoner)                    Turns: 3032, Time: 00:12:04

Health: 0/37       AC:  4    Str: 11    XL:     5   Next: 81%
Magic:  12/12      EV: 17    Int: 18    God:
Gold:   171        SH:  0    Dex: 15    Spells: 3/14 levels left

rFire    . . .     SeeInvis .   d - +1 dagger
rCold    . . .     Gourm    .   (no shield)
rNeg     . . .     Faith    .   a - +0 robe
rPois    .         Spirit   .   (no helmet)
rElec    .         Reflect  .   o - +1 cloak {MR+}
rCorr    .         Harm     .   (no gloves)
MR       +....                  (no boots)
Stlth    +++.......             i - amulet of magic regeneration
HPRegen  0.12/turn              c - +2 ring of evasion
MPRegen  0.38/turn              (no ring)

@: lethally poisoned (0 -> -6), starving
A: distributed training, fangs 1, strong nose
a: no special abilities


You were on level 3 of the Dungeon.
You were starving.

You visited 1 branch of the dungeon, and saw 3 of its levels.

You collected 171 gold pieces.

Inventory:

Hand Weapons
 d - a +1 dagger (weapon)
Missiles
 f - 35 arrows
 m - 30 poisoned needles
Armour
 a - a +0 robe (worn)
 e - a +0 shield
 o - a +1 cloak of magic resistance (worn)
Jewellery
 c - a +2 ring of evasion (left hand)
 i - an amulet of magic regeneration (around neck)
Scrolls
 j - a scroll of fear {unknown}
 k - 2 scrolls of identify
Potions
 g - a potion of flight
Books
 b - a book of Callings

   Spells                             Type                      Level
   a - Summon Small Mammal            Summoning                    1
   b - Call Imp                       Summoning                    2
   c - Call Canine Familiar           Summoning                    3
   d - Summon Guardian Golem          Hexes/Summoning              3
   e - Summon Lightning Spire         Summoning/Air                4
   f - Summon Ice Beast               Ice/Summoning                4


   Skills:
 + Level 1.6 Fighting
 + Level 1.6 Short Blades
 + Level 1.6 Long Blades
 + Level 1.6 Axes
 + Level 1.6 Maces & Flails
 + Level 1.6 Polearms
 + Level 1.6 Staves
 + Level 1.6 Slings
 + Level 1.6 Bows
 + Level 1.6 Crossbows
 + Level 1.6 Throwing
 + Level 1.6 Armour
 + Level 4.8 Dodging
 + Level 4.4 Stealth
 + Level 1.6 Shields
 + Level 1.6 Unarmed Combat
 + Level 5.2 Spellcasting
 + Level 1.3 Conjurations
 + Level 1.3 Hexes
 + Level 1.3 Charms
 + Level 7.2 Summonings
 + Level 1.3 Necromancy
 + Level 1.3 Translocations
 + Level 1.3 Transmutations
 + Level 1.3 Fire Magic
 + Level 1.3 Ice Magic
 + Level 1.3 Air Magic
 + Level 1.3 Earth Magic
 + Level 1.3 Poison Magic
 + Level 1.8 Invocations
 + Level 1.6 Evocations


You had 3 spell levels left.
You knew the following spells:

 Your Spells              Type           Power        Failure   Level  Hunger
a - Summon Small Mammal   Summ           ####         1%          1    None
b - Call Imp              Summ           ####....     1%          2    #......
c - Summon Lightning Spi  Summ/Air       ###.....     22%         4    ####...
d - Summon Ice Beast      Ice/Summ       ###.....     22%         4    ####...


Dungeon Overview and Level Annotations

Branches:
Dungeon (3/15)

Altars:
Dithmenos
Trog
Uskayaw


Innate Abilities, Weirdness & Mutations

Your experience applies equally to all skills.
You have very sharp teeth.
Your uncanny sense of smell can sniff out nearby items.


Message History

The adder is heavily wounded.
* * * LOW HITPOINT WARNING * * *
You feel sick. The adder closely misses you.
You miss the adder.
The adder is heavily wounded.
The adder misses you.
You closely miss the adder. Your bite misses the adder.
The adder is heavily wounded.
* * * LOW HITPOINT WARNING * * *
You feel sick. The adder misses you.
You barely miss the adder.
The adder is heavily wounded.
* * * LOW HITPOINT WARNING * * *
You feel sick. The adder closely misses you. x2
You hit the adder.
The adder is severely wounded.
The adder barely misses you.
You hit the adder but do no damage.
The adder is severely wounded.
You die...

♣♣♣♣♣♣ ...
###♣≈≈.≈♣# #.#
##.'..#.≈.+ #.#
#(('.≈.#..+ #.#
#.##♣≈.≈≈♣# #.# #K#
♣♣♣♣♣♣ #.# #S#####
### #.#### #@....#
#.###.#...
#.#.#.###.##....##
#.........#.....#
#.#<#...........#
#.#.#####.###.###
#.#.# #<# #.# #.#..
..# #.#
####.###########'##
#.........# ##...##


You could see an adder and a kobold.

Vanquished Creatures
  A giant cockroach (D:1)
  A goblin (D:3)
  A hobgoblin (D:1)
  A jackal (D:1)
  A rat (D:2)
5 creatures vanquished.

Vanquished Creatures (collateral kills)
  The ghost of Artool the Skirmisher, an amateur DsAK of Lugonu (D:3)
  An orc priest (D:3)
  8 adders
  2 worms (D:2)
  2 dart slugs
  3 leopard geckos
  3 orcs (D:3)
  A ball python (D:3)
  3 giant cockroaches
  4 hobgoblins (D:2)
  3 jackals (D:1)
  11 kobolds
  A quokka (D:2)
  A bat (D:2)
  3 frilled lizards
  8 goblins
  7 rats
62 creatures vanquished.

Grand Total: 67 creatures vanquished

Notes
Turn   | Place    | Note
-------+----------+-------------------------------------------
     0 | D:1      | Naru the Gnoll Summoner began the quest for the Orb.
     0 | D:1      | Reached XP level 1. HP: 13/13 MP: 6/6
   193 | D:1      | Reached XP level 2. HP: 17/19 MP: 2/7
   615 | D:1      | Learned a level 2 spell: Call Imp
   901 | D:1      | You fall through a shaft!
   944 | D:2      | Reached XP level 3. HP: 16/25 MP: 5/9
  1116 | D:2      | Found a shadowy altar of Dithmenos.
  1151 | D:2      | Reached skill level 5 in Spellcasting
  1335 | D:2      | Reached skill level 1 in Invocations
  1635 | D:2      | Reached skill level 1 in Fighting
  1635 | D:2      | Reached skill level 1 in Short Blades
  1635 | D:2      | Reached skill level 1 in Long Blades
  1635 | D:2      | Reached skill level 1 in Axes
  1635 | D:2      | Reached skill level 1 in Maces & Flails
  1635 | D:2      | Reached skill level 1 in Polearms
  1635 | D:2      | Reached skill level 1 in Staves
  1635 | D:2      | Reached skill level 1 in Slings
  1635 | D:2      | Reached skill level 1 in Bows
  1635 | D:2      | Reached skill level 1 in Crossbows
  1635 | D:2      | Reached skill level 1 in Throwing
  1635 | D:2      | Reached skill level 1 in Armour
  1635 | D:2      | Reached skill level 1 in Shields
  1635 | D:2      | Reached skill level 1 in Unarmed Combat
  1635 | D:2      | Reached skill level 1 in Evocations
  1710 | D:2      | Reached XP level 4. HP: 32/32 MP: 11/11
  1749 | D:2      | Learned a level 4 spell: Summon Lightning Spire
  1754 | D:2      | Learned a level 4 spell: Summon Ice Beast
  1774 | D:2      | Found a hide-covered altar of Uskayaw.
  1803 | D:2      | Found a bloodstained altar of Trog.
  2497 | D:3      | Noticed Artool's ghost (amateur DsAK)
  2520 | D:3      | Killed Artool's ghost
  2520 | D:3      | Reached skill level 1 in Conjurations
  2520 | D:3      | Reached skill level 1 in Hexes
  2520 | D:3      | Reached skill level 1 in Charms
  2520 | D:3      | Reached skill level 1 in Necromancy
  2520 | D:3      | Reached skill level 1 in Translocations
  2520 | D:3      | Reached skill level 1 in Transmutations
  2520 | D:3      | Reached skill level 1 in Fire Magic
  2520 | D:3      | Reached skill level 1 in Ice Magic
  2520 | D:3      | Reached skill level 1 in Air Magic
  2520 | D:3      | Reached skill level 1 in Earth Magic
  2520 | D:3      | Reached skill level 1 in Poison Magic
  2520 | D:3      | Reached XP level 5. HP: 37/37 MP: 9/12
  3029 | D:3      | HP: 1/37 [poisoned by an adder]
  3032 | D:3      | Succumbed to an adder's poison

Skill      XL: |  1  2  3  4 |
---------------+-------------+-----
Spellcasting   | 5 |  5.2
Invocations    | 1 |  1.8
Fighting       | 1 |  1.6
Short Blades   | 1 |  1.6
Long Blades    | 1 |  1.6
Axes           | 1 |  1.6
Maces & Flails | 1 |  1.6
Polearms       | 1 |  1.6
Staves         | 1 |  1.6
Slings         | 1 |  1.6
Bows           | 1 |  1.6
Crossbows      | 1 |  1.6
Throwing       | 1 |  1.6
Armour         | 1 |  1.6
Shields        | 1 |  1.6
Unarmed Combat | 1 |  1.6
Evocations     | 1 |  1.6
Conjurations   | 1 |  1.3
Hexes          | 1 |  1.3
Charms         | 1 |  1.3
Necromancy     | 1 |  1.3
Translocations | 1 |  1.3
Transmutations | 1 |  1.3
Fire Magic     | 1 |  1.3
Ice Magic      | 1 |  1.3
Air Magic      | 1 |  1.3
Earth Magic    | 1 |  1.3
Poison Magic   | 1 |  1.3
Dodging        | |  4.8
Stealth        | |  4.4
Summonings     | |  7.2

Action                   |  1- 3 |  4- 6 || total
-------------------------+-------+-------++-------
Melee: Dagger            |    26 |    40 ||    66
       Bite              |     4 |     1 ||     5
 Cast: Summon Small Mamm |    33 |     3 ||    36
       Call Imp          |    23 |     7 ||    30
       Summon Ice Beast  |       |     4 ||     4
       Summon Lightning  |       |     1 ||     1
  Use: Scroll            |       |     6 ||     6
       Potion            |       |     1 ||     1
 Stab: Distracted        |     1 |       ||     1
  Eat: Chunk             |     1 |     1 ||     2
       Ration            |     1 |       ||     1
Armor: Robe              |    20 |    22 ||    42
Dodge: Dodged            |    87 |    48 ||   135
Block: Shield            |       |     1 ||     1
